 Dungeon Crawl Stone Soup version 0.29-a0-371-g91724d5b39 (webtiles) character file.

Game seed: 11514923337529645813

214 Colgate the Cutter (level 6, -9/35 HPs)
             Began as a Kobold Brigand on May 3, 2022.
             Was a Follower of the Shining One.
             Killed from afar by an oklob plant (27 damage)
             ... with a splash of acid
             ... on level 3 of the Dungeon.
             The game lasted 00:08:18 (4871 turns).

Colgate the Cutter (Kobold Brigand)                 Turns: 4871, Time: 00:08:19

Health: -9/35      AC:  2    Str:  8    XL:     6   Next: 15%
Magic:  6/6        EV: 14    Int: 16    God:    the Shining One [*.....]
Gold:   223        SH:  0    Dex: 19    Spells: 5/5 levels left

rFire   . . .      SeeInvis .   b - +1 dagger (speed)
rCold   . . .      Faith    .   (no shield)
rNeg    . . .      Spirit   .   r - +0 robe
rPois   .          Reflect  .   g - +1 helmet of Carved Lucidity {Int+4}
rElec   .          Harm     .   c - +0 cloak
rCorr   .          Rampage  .   i - +0 pair of gloves
Will    .....                   (no boots)
Stlth   ++........              (no amulet)
HPRegen 0.11/turn               (no ring)
MPRegen 0.10/turn               (no ring)

@: corroded, glowing
A: small, no large weapons, nightstalker 3
a: Renounce Religion, Divine Shield


You were on level 3 of the Dungeon.
You worshipped the Shining One.
The Shining One was aware of your devotion.
You visited 1 branch of the dungeon, and saw 3 of its levels.

You collected 223 gold pieces.

Inventory:

Hand Weapons
 a - a +1 dagger of draining
 b - a +1 dagger of speed (weapon)
 j - a +2 dagger
 l - a +0 short sword
 q - a +1 rapier
 t - the +7 hand axe of the Bursting Stork {vorpal, rPois Dex+4}
   (You found it on level 3 of the Dungeon)

   It inflicts extra damage upon your enemies.
   Dex:       It affects your dexterity (+4).
   rPois:     It protects you from poison.
Missiles
 d - 32 poisoned darts (quivered)
 e - 5 curare-tipped darts
Armour
 c - a +0 cloak (worn)
 g - the +1 helmet of Carved Lucidity (worn) {Int+4}
   (You acquired it on level 3 of the Dungeon)

   Int:       It affects your intelligence (+4).
 i - a +0 pair of gloves (worn)
 r - a +0 robe (worn)
Jewellery
 u - an amulet of magic regeneration
Wands
 A - a wand of iceblast (4) {@v2}
Scrolls
 m - 4 scrolls of fear {unknown}
 p - a scroll of enchant weapon
 s - a scroll of fog {unknown}
 w - a scroll of holy word {unknown}
 y - a scroll of vulnerability {unknown}
 z - a scroll of teleportation {@r3}
Potions
 f - 2 potions of mutation
 h - 3 potions of attraction {unknown}
 k - a potion of cancellation {unknown}
 n - 2 potions of resistance {@q5}
 o - 2 potions of curing {@q1}
 v - a potion of heal wounds {unknown}
 x - a potion of berserk rage {unknown}


   Skills:
 - Level 2.1 Fighting
 + Level 7.9 Short Blades
 - Level 2.1 Throwing
 - Level 1.2 Dodging
 - Level 5.3 Stealth


You had 5 spell levels left.
You didn't know any spells.
Your spell library contained the following spells:

 Spells                   Type           Power      Damage    Failure   Level
 Animate Skeleton         Necr           0%         N/A       26%         1
 Apportation              Tloc           0%         N/A       26%         1
 Summon Small Mammal      Summ           0%         N/A       26%         1
 Tukima's Dance           Hex            0%         N/A       58%         3
 Anguish                  Hex/Necr       0%         N/A       94%         4
 Enfeeble                 Hex            0%         N/A       100%        7


Dungeon Overview and Level Annotations

Branches:
Dungeon (3/15)

Altars:
Fedhas
The Shining One

Annotations:
D:3 exclusion: oklob plant


Innate Abilities, Weirdness & Mutations

You are small and have problems with some larger weapons.
You are completely attuned to the shadows.


Message History

Why would you want to do that? Why would you want to do that?
Why would you want to do that? Why would you want to do that?
Why would you want to do that? Why would you want to do that?
Why would you want to do that? Why would you want to do that?
Why would you want to do that? Why would you want to do that?
Why would you want to do that?
You hit the fungus.
The fungus begins to die.
You hit the fungus. You hit the fungus. You hit the fungus. You hit the fungus.
You hit the fungus. You hit the fungus. You hit the fungus. You hit the fungus.
A nearby fungus withers and dies.
An oklob plant comes into view.
You hit the plant.
The plant begins to die.
You hit the plant. You hit the plant. You hit the plant. You hit the plant.
You hit the plant but do no damage. You hit the plant. You hit the plant.
You hit the plant. You hit the plant.
A nearby plant withers and dies.
The oklob plant spits acid at you. The splash of acid hits you!
The acid corrodes you!
You hit the oklob plant but do no damage.
You hit the oklob plant but do no damage.
The oklob plant spits acid at you. The splash of acid hits you!!
Ouch! That really hurt!
You die... ####..... #..... ###..... #....... ## ################ #P#PPPPPP#PPPP#PP.
PPP.PPPPPP.PPPP.. ♣P..PP#.#PPPPPPPPP

♣@.#PP♣.P#PP#P♣♣PP
#♣P.PP.#.......P#PP
#.♣..#P..≈≈≈≈≈..PP.
#PPPP...≈≈≈≈≈≈≈..P#
#PPPP..≈≈≈≈≈≈≈≈≈..P
#PP#..≈≈≈≈≈≈≈≈≈≈≈..
#♣♣PP.≈≈≈≈...≈≈≈≈.#
#PPP......._.≈≈≈≈..
#PP#P.≈≈≈≈...≈≈≈≈.#


You could see an oklob plant.

Vanquished Creatures
  A gnoll (D:3)
  8 adders
  3 river rats (D:3)
  An ufetubus (D:3)
  4 worms
  A dart slug (D:3)
  4 orcs (D:3)
  6 bats
  7 endoplasms
  4 giant cockroaches
  5 goblins
  3 hobgoblins
  10 jackals
  12 kobolds
  2 quokkas
  6 ball pythons
  5 frilled lizards
  9 rats
91 creatures vanquished.

Vanquished Creatures (others)
  6 fungi (D:3)
  16 plants (D:3)
22 creatures vanquished.

Grand Total: 113 creatures vanquished

Notes
Turn   | Place    | Note
-------+----------+-------------------------------------------
     0 | D:1      | Colgate the Kobold Brigand began the quest for the Orb.
     0 | D:1      | Reached XP level 1. HP: 12/12 MP: 1/1
    71 | D:1      | Reached skill level 3 in Short Blades
    83 | D:1      | Reached XP level 2. HP: 15/17 MP: 2/2
   274 | D:1      | Reached skill level 4 in Short Blades
   523 | D:1      | Reached XP level 3. HP: 21/21 MP: 3/3
  1452 | D:2      | Reached skill level 5 in Short Blades
  1458 | D:2      | Reached XP level 4. HP: 7/26 MP: 4/4
  2569 | D:3      | Identified a scroll of acquirement
  2569 | D:3      | Acquired the +1 helmet of Carved Lucidity {Int+4}
  2656 | D:3      | Found a faded altar of an unknown god.
  2661 | D:3      | Prayed at the altar of an unknown god.
  2661 | D:3      | Became a worshipper of the Shining One
  2661 | D:3      | Reached * piety under the Shining One
  2732 | D:3      | Reached skill level 6 in Short Blades
  2857 | D:3      | Reached XP level 5. HP: 25/30 MP: 5/5
  3077 | D:3      | Identified the +7 hand axe of the Bursting Stork {vorpal,
                  | rPois Dex+4}
  3156 | D:3      | Found a blossoming altar of Fedhas.
  3465 | D:3      | Reached skill level 7 in Short Blades
  3554 | D:3      | HP: 1/30 [river rat (5)]
  4001 | D:3      | Reached XP level 6. HP: 32/35 MP: 6/6
  4856 | D:3      | Noticed an oklob plant
  4871 | D:3      | Killed from afar by an oklob plant

Illustrated notes

Levels and vault maps discovered:
D:1:      dpeg_arrival_water_altar, layout_basic
D:2:      layout_rooms, kennysheep_generic_room_5
D:3:      minmay_inner_zag, layout_basic, tgw_fedhas, lightli_sewer_entry_pipes,
          chequers_ecumenical_altar_simple, minmay_misc_feat_more_columns,
          minmay_increasing_density

Skill      XL: |  1  2  3  4  5 |
---------------+----------------+-----
Short Blades   | 3 4 5 6 7 |  7.9
Fighting       | |  2.1
Throwing       | |  2.1
Dodging        | |  1.2
Stealth        | |  5.3

Action                   |  1- 3 |  4- 6 || total
-------------------------+-------+-------++-------
Melee: Dagger            |    86 |   530 ||   616
       Punch             |     2 |    13 ||    15
  Use: Scroll            |       |     7 ||     7
 Stab: Sleeping          |    14 |     4 ||    18
Armor: Robe              |    27 |    58 ||    85
Dodge: Dodged            |    70 |   156 ||   226

Table legend: (Time is in decaauts)
 A = Elapsed time spent in this place.
 B = Non-inter-level travel time spent in this place.
 C = Inter-level travel time spent in this place.
 D = Time resting spent in this place.
 E = Time spent auto-exploring this place.
 F = Levels seen in this place.
 G = Mean time per level.
                   A        B        C        D        E       F      G
               +--------+--------+--------+--------+--------+-----+--------+
         Total |   4618 |   4412 |    206 |      0 |   3671 |   3 | 1539.3 |
       Dungeon |   4618 |   4412 |    206 |      0 |   3671 |   3 | 1539.3 |
               +--------+--------+--------+--------+--------+-----+--------+

Top non-repeatable levels by time:
     D:3: 2065 daAuts
     D:1: 1456 daAuts
     D:2: 1097 daAuts
